 Dungeon Crawl Stone Soup version 0.29-a0-359-g541a27f54d (webtiles) character file.

Game seed: 16910360270908228950

38 Hubjo the Firebug (level 3, -6/20 HPs)
             Began as a Deep Elf Fire Elementalist on Apr 27, 2022.
             Was a Follower of Jiyva.
             Mangled by Natasha (14 damage)
             ... on level 2 of the Dungeon.
             The game lasted 00:03:08 (1587 turns).

Hubjo the Firebug (Deep Elf Fire Elementalist)      Turns: 1587, Time: 00:03:08

Health: -6/20      AC:  2    Str: 11    XL:     3   Next: 25%
Magic:  10/10      EV: 17    Int: 19    God:    Jiyva [*.....]
Gold:   54         SH:  0    Dex: 17    Spells: 8/9 levels left

rFire   . . .      SeeInvis .   (no weapon)
rCold   . . .      Faith    .   (no shield)
rNeg    . . .      Spirit   .   a - +0 robe
rPois   .          Reflect  .   (no helmet)
rElec   .          Harm     .   (no cloak)
rCorr   .          Rampage  .   (no gloves)
Will    .....                   (no boots)
Stlth   ++........              (no amulet)
HPRegen 0.86/turn               c - +4 ring of evasion
MPRegen 0.37/turn               l - +6 ring of strength

@: no status effects
A: no striking features
a: Renounce Religion


You were on level 2 of the Dungeon.
You worshipped Jiyva.
Jiyva was aware of your devotion.
You visited 1 branch of the dungeon, and saw 2 of its levels.

You collected 54 gold pieces.

Inventory:

Armour
 a - a +0 robe (worn)
Jewellery
 c - a +4 ring of evasion (left hand)
 l - a +6 ring of strength (right hand)
Scrolls
 d - a scroll of amnesia {unknown}
 f - a scroll of teleportation {unknown}
 g - a scroll of blinking {unknown}
 h - a scroll of identify {unknown}
 m - a scroll of vulnerability {unknown}
 o - a scroll of noise {unknown}
Potions
 b - a potion of magic
 e - a potion of degeneration {unknown}
 i - 2 potions of ambrosia {unknown}
 j - a potion of attraction {unknown}
 k - a potion of mutation {unknown}
 n - a potion of curing {unknown}


   Skills:
 * Level 0.9 Fighting
 - Level 2.6 Dodging
 + Level 3.1 Stealth
 + Level 3.5 Spellcasting
 - Level 1.4 Conjurations
 + Level 3.6 Fire Magic


You had 8 spell levels left.
You knew the following spells:

 Your Spells              Type           Power      Damage    Failure   Level
a - Foxfire               Conj/Fire      48%        2x1d6     4%          1

Your spell library contained the following spells:

 Spells                   Type           Power      Damage    Failure   Level
 Scorch                   Fire           34%        2d7       4%          2
 Conjure Flame            Conj/Fire      12%        6-21      16%         3
 Inner Flame              Hex/Fire       10%        N/A       21%         3
 Ensorcelled Hibernation  Hex/Ice        6%         N/A       22%         2
 Spider Form              Tmut/Pois      3%         N/A       41%         3
 Flame Wave               Conj/Fire      12%        2d6       45%         4
 Anguish                  Hex/Necr       1%         N/A       82%         4


Dungeon Overview and Level Annotations

Branches:
Dungeon (2/15)

Altars:
Jiyva

Annotations:
D:2 Natasha


Message History

You are very lightly contaminated with residual magic.
Nothing appears to happen.
You conjure some foxfire!
You conjure some foxfire!
The foxfire hits Natasha.
Natasha is moderately wounded.
Natasha hisses angrily.
Natasha casts a spell at you. The magic dart hits you!
Ouch! That really hurt!
You are too injured to fight recklessly!
You are too injured to fight recklessly!
You are too injured to fight recklessly!
The foxfire hits Natasha but does no damage.
Natasha is moderately wounded.
Your magical contamination has completely faded away.
You conjure some foxfire!
Natasha closely misses you.
There is not enough space to conjure foxfire!
You barely miss Natasha.
Natasha is moderately wounded.
The foxfire hits Natasha.
Natasha is moderately wounded.
Natasha mewls in sadness.
Natasha drinks a potion.
Natasha seems to grow stronger.
You hit Natasha.
Natasha is heavily wounded.
Natasha casts a spell.
You closely miss Natasha.
Natasha is heavily wounded.
Natasha casts a spell at you. The magic dart hits you.
You miss Natasha.
Natasha is heavily wounded.
Natasha howls an incantation.
You feel disoriented. Natasha claws you.
You hit Natasha but do no damage.
Natasha is heavily wounded.
Natasha claws you!
Ouch! That really hurt!
You die...

#.#...........#
####.#.########.##
#......#........#
####.###.########
#.# #.# .. ### #.#
.# #.# .#
#.#####.#
#@h5....#
#########


You could see Natasha (strong) and a shadow imp (summoned).

Vanquished Creatures
  3 worms (D:2)
  2 dart slugs
  2 ball pythons (D:1)
  2 bats
  An endoplasm (D:2)
  A giant cockroach (D:1)
  A goblin (D:1)
  3 hobgoblins (D:1)
  2 kobolds
  A quokka (D:2)
  A frilled lizard (D:2)
  5 rats
24 creatures vanquished.

Vanquished Creatures (others)
  151 foxfires
151 creatures vanquished.

Grand Total: 175 creatures vanquished

Notes
Turn   | Place    | Note
-------+----------+-------------------------------------------
     0 | D:1      | Hubjo the Deep Elf Fire Elementalist began the quest for
                  | the Orb.
     0 | D:1      | Reached XP level 1. HP: 10/10 MP: 6/6
   246 | D:1      | Reached XP level 2. HP: 15/15 MP: 2/8
  1295 | D:2      | Found a faded altar of an unknown god.
  1312 | D:2      | Prayed at the altar of an unknown god.
  1312 | D:2      | Became a worshipper of Jiyva Jidodunt the Shapeless
  1312 | D:2      | Reached * piety under Jiyva
  1374 | D:2      | Reached XP level 3. HP: 20/20 MP: 4/9
  1573 | D:2      | Noticed Natasha
  1587 | D:2      | Mangled by Natasha

Illustrated notes

Levels and vault maps discovered:
D:1:      lemuel_arrival_cross, layout_basic
D:2:      layout_basic, basic_ecumenical_altar, uniq_natasha

Skill      XL: |  1  2 |
---------------+-------+-----
Stealth        | 3 |  3.1
Fighting       | |  0.9
Dodging        | |  2.6
Spellcasting   | |  3.5
Conjurations   | |  1.4
Fire Magic     | |  3.6

Action                   || total
-------------------------++-------
Melee: Unarmed           ||    31
 Cast: Foxfire           ||    95
Armor: Robe              ||     1
Dodge: Dodged            ||    32

Table legend: (Time is in decaauts)
 A = Elapsed time spent in this place.
 B = Non-inter-level travel time spent in this place.
 C = Inter-level travel time spent in this place.
 D = Time resting spent in this place.
 E = Time spent auto-exploring this place.
 F = Levels seen in this place.
 G = Mean time per level.
                   A        B        C        D        E       F      G
               +--------+--------+--------+--------+--------+-----+--------+
         Total |   1585 |   1585 |      0 |      0 |   1321 |   2 |  792.5 |
       Dungeon |   1585 |   1585 |      0 |      0 |   1321 |   2 |  792.5 |
               +--------+--------+--------+--------+--------+-----+--------+

Top non-repeatable levels by time:
     D:1: 975 daAuts
     D:2: 610 daAuts
